 Dungeon Crawl Stone Soup version 0.29.1-2-gbd0b4ee654 (webtiles) character file.

Game seed: 12891072123056467555

56 raph the Grave Robber (level 4, 0/30 HPs)
             Began as a Human Necromancer on Nov 5, 2022.
             Slain by a goblin
             ... wielding a +0 club
             ... led by Robin
              (5 damage)
             ... on level 3 of the Dungeon.
             The game lasted 00:02:38 (1869 turns).

raph the Grave Robber (Human Necromancer)           Turns: 1869, Time: 00:02:38

Health: 0/30       AC:  2    Str:  8    XL:     4   Next: 15%
Magic:  4/7        EV: 12    Int: 18    God:
Gold:   54         SH:  0    Dex: 13    Spells: 3/7 levels left

rFire   + . .      SeeInvis .   g - +0 dagger (drain)
rCold   . . .      Faith    .   (no shield)
rNeg    . . .      Spirit   .   a - +0 robe
rPois   .          Reflect  .   (no helmet)
rElec   .          Harm     .   (no cloak)
rCorr   .          Rampage  .   (no gloves)
Will    .....                   (no boots)
Stlth   ++........              (no amulet)
HPRegen 0.10/turn               m - ring of protection from fire
MPRegen 0.10/turn               (no ring)

@: no status effects
A: no striking features
a: no special abilities


You were on level 3 of the Dungeon.
You visited 1 branch of the dungeon, and saw 3 of its levels.

You collected 54 gold pieces.

Inventory:

Hand Weapons
 d - a +0 whip
 e - a +0 dagger
 g - a +0 dagger of draining (weapon)
Armour
 a - a +0 robe (worn)
Jewellery
 m - a ring of protection from fire (left hand)
Potions
 b - a potion of magic
 j - a potion of flight
 k - a potion of might
 n - 2 potions of lignification {unknown}


   Skills:
 + Level 2.5 Dodging
 + Level 2.6 Stealth
 + Level 2.4 Spellcasting
 * Level 4.6 Necromancy


You had 3 spell levels left.
You knew the following spells:

 Your Spells              Type           Power      Damage    Failure   Level
a - Necrotise             Necr           72%        1d7       2%          1
b - Vampiric Draining     Necr           18%        2d7       8%          3

Your spell library contained the following spells:

 Spells                   Type           Power      Damage    Failure   Level
 Conjure Flame            Conj/Fire      2%         6-21      45%         3
 Ignite Poison            Fire/Tmut/Pois 2%         N/A       45%         3
 Animate Dead             Necr           18%        N/A       26%         4
 Agony                    Necr           18%        N/A       58%         5
 Sticky Flame             Conj/Fire      2%         2d3       86%         4


Dungeon Overview and Level Annotations

Branches:
Dungeon (3/15)

Altars:

Annotations:
D:2 Robin


Message History

The hobgoblin closely misses your adder skeleton.
Your adder skeleton closely misses the hobgoblin.
You feel sick.
The hobgoblin barely misses your adder skeleton.
The hobgoblin hits your adder skeleton.
Your adder skeleton bites the hobgoblin.
You feel sick.
You feel sick.
You are no longer poisoned.
The hobgoblin no longer looks unusually strong.
Robin roars a battlecry!
The hobgoblin goes into a battle-frenzy!
You see here a +0 dagger.
Robin throws the goblin at you!
You closely miss the goblin.
The goblin no longer looks unusually strong.
The goblin closely misses you.
Robin roars a battlecry!
The goblin goes into a battle-frenzy!
The hobgoblin attacks as you move away! The hobgoblin closely misses you.
The hobgoblin no longer looks unusually strong.
The goblin closely misses you. The hobgoblin attacks as you move away!
The hobgoblin hits you. The goblin attacks as you move away!
The goblin barely misses you. The hobgoblin attacks as you move away!
The hobgoblin barely misses you. The goblin attacks as you move away!
The goblin hits you with a +0 club.
The hobgoblin no longer looks unusually strong.
The hobgoblin no longer looks unusually strong.
The hobgoblin attacks as you move away! The hobgoblin hits you.
* * * LOW HITPOINT WARNING * * *
The goblin hits you with a +0 club.
* * * LOW HITPOINT WARNING * * *
There is a stone staircase leading down here.
The hobgoblin hits you but does no damage.
You climb downwards.
There is a stone staircase leading up here.
The goblin barely misses you. The hobgoblin hits you.
* * * LOW HITPOINT WARNING * * *
The goblin attacks as you move away! The goblin hits you with a +0 club.
You die...

##...#
#.....
....#
#...#
##.#.#
##....#
#....g#
#..@<#
#..#g#
#.##.#
... ...
###
...~
###~~#
~~# ~~≈


You could see a hobgoblin and a goblin (strong).

Vanquished Creatures
  An adder (D:2)
  A worm (D:2)
  A dart slug (D:1)
  4 endoplasms (D:1)
  A giant cockroach (D:1)
  8 goblins
  4 hobgoblins (D:1)
  3 kobolds (D:1)
  2 quokkas (D:1)
  2 ball pythons (D:1)
  5 bats
  3 frilled lizards (D:1)
  3 rats (D:1)
38 creatures vanquished.

Vanquished Creatures (collateral kills)
  A kobold (D:1)
1 creature vanquished.

Grand Total: 39 creatures vanquished

Notes
Turn   | Place    | Note
-------+----------+-------------------------------------------
     0 | D:1      | raph the Human Necromancer began the quest for the Orb.
     0 | D:1      | Reached XP level 1. HP: 13/13 MP: 3/3
   124 | D:1      | Reached XP level 2. HP: 10/19 MP: 1/5
   766 | D:1      | Reached XP level 3. HP: 17/24 MP: 3/6
   804 | D:1      | Learned a level 3 spell: Vampiric Draining
  1841 | D:2      | Noticed Robin
  1852 | D:2      | Reached XP level 4. HP: 23/30 MP: 3/7
  1869 | D:3      | Slain by a goblin

Illustrated notes

Levels and vault maps discovered:
D:1:      minmay_arrival_shoal_huts, layout_basic, minmay_tromino_i4
D:2:      layout_basic, uniq_crazy_yiuf_cottage, uniq_robin, uniq_jessica
D:3:      cheibrodos_thug_alley, layout_loops_corners,
          dreamdust_ecumenical_altar_angels_and_demons

Action                   |  1- 3 |  4- 6 || total
-------------------------+-------+-------++-------
Melee: Dagger            |    27 |     1 ||    28
       Punch             |     1 |       ||     1
 Cast: Necrotise         |    60 |       ||    60
  Use: Scroll            |     6 |       ||     6
Armor: Robe              |     6 |     1 ||     7
Dodge: Dodged            |    27 |     6 ||    33
